 Dungeon Crawl Stone Soup version 0.17.1-3-g152610e (webtiles) character file.

1302 manyhoops the Covert (level 8, -7/60 HPs)
             Began as a Merfolk Fighter on Apr 5, 2016.
             Was an Initiate of Fedhas.
             Mangled by an ice beast (20 damage)
             ... on level 6 of the Dungeon.
             The game lasted 00:21:08 (5151 turns).

manyhoops the Covert (Merfolk Fighter)              Turns: 5151, Time: 00:21:10

Health: -7/60      AC:  4    Str: 17    XL:     8   Next: 57%
Magic:  0/8        EV: 16    Int:  7    God:    Fedhas [......]
Gold:   326        SH:  5    Dex: 15    Spells: 0 memorised, 7 levels left

rFire  + . .     SeeInvis .     a - +0 trident
rCold  x . .     Clarity  .     m - +0 leather armour
rNeg   . . .     SustAt   .     q - +0 buckler
rPois  .         Gourm    .     (no helmet)
rElec  .         Spirit   +     y - +0 cloak
rCorr  .         Warding  .     (no gloves)
rMut   .         Stasis   .     (no boots)
MR     +....                    u - amulet of Naor {Spirit +Fly MR+ Slay+2}
Stlth  ++++......               (no ring)
                                t - ring of fire

@: somewhat resistant to hostile enchantments, stealthy
A: change form in water, swift swim
a: Renounce Religion, Evoke Flight


You were on level 6 of the Dungeon.
You worshipped Fedhas.
Fedhas was noncommittal.
You were not hungry.

You visited 2 branches of the dungeon, and saw 7 of its levels.

You collected 326 gold pieces.

Inventory:

Hand Weapons
 a - a +0 trident (weapon)
 z - the +5 hand axe "Wuwemn" {chop, rPois, unknown}
   (You took it off a crimson imp on level 5 of the Dungeon)

   It inflicts extra damage upon your enemies.
   It protects you from poison.
Armour
 b - a +0 scale mail
 c - a +0 shield
 m - a +0 leather armour (worn)
 q - a +0 buckler (worn)
 y - a +0 cloak (worn)
Jewellery
 t - a ring of fire (left hand)
 u - the amulet of Naor (around neck) {Spirit +Fly MR+ Slay+2}
   (You found it on level 4 of the Dungeon)

   [amulet of guardian spirit]

   It causes incoming damage to be split between your health and magic.
   It affects your accuracy and damage with ranged weapons and melee attacks
   (+2).
   It affects your resistance to hostile enchantments.
   It lets you fly.
Wands
 n - a wand of slowing (14)
Scrolls
 d - a scroll of blinking {unknown}
 f - a scroll of immolation {unknown}
 g - 3 scrolls of remove curse
 i - a scroll of teleportation
 j - a scroll of enchant armour {unknown}
 k - a scroll of noise
 w - a scroll of identify
 A - a scroll of magic mapping {unknown}
Potions
 e - a potion of haste
 h - 2 potions of resistance
 l - a potion of cancellation {unknown}
 o - a potion of degeneration {unknown}
 p - 2 potions of curing
 s - a potion of mutation {unknown}
Books
 v - Sif Muna's Volume of the Entourage
   (You found it on level 4 of the Dungeon)

   Spells                             Type                      Level
   a - Summon Butterflies             Summoning                    1
 B - a book of the Earth

   Spells                             Type                      Level
   a - Leda's Liquefaction            Hexes/Earth                  4
   b - Bolt of Magma                  Conjuration/Fire/Earth       5
   c - Statue Form                    Transmutation/Earth          6
   d - Iron Shot                      Conjuration/Earth            6
   e - Shatter                        Earth                        9
Comestibles
 r - 3 bread rations
 x - 2 meat rations


   Skills:
 - Level 4.0 Fighting
 * Level 3.8 Polearms
 - Level 2.1 Armour
 - Level 7.7 Dodging
 - Level 8.3 Stealth
 - Level 4.0 Shields
 - Level 0.4 Evocations


You had 7 spell levels left.
You didn't know any spells.

Dungeon Overview and Level Annotations

Branches:
Dungeon (6/15)             Temple (1/1) D:5

Altars:
Ashenzari
Cheibriados
Elyvilon
Fedhas
Gozag
Kikubaaqudgha
Makhleb
Nemelex Xobeh
Okawaru
Ru
Sif Muna
Trog
Vehumet
Yredelemnul
The Shining One

Shops:
D:4 =*


Message History

You are too injured to fight recklessly!
You are too injured to fight recklessly!
You are too injured to fight recklessly!
You are too injured to fight recklessly!
You feel better. The ice beast hits you. The ice beast freezes you!
You feel a terrible chill!
* * * LOW HITPOINT WARNING * * *
You puncture the ice beast!
The ice beast is severely wounded.
The ice beast closely misses you. The ice beast completely misses you.
You barely miss the ice beast.
The ice beast is severely wounded.
The ice beast hits you but does no damage.
You hit the ice beast.
The ice beast is almost dead.
The ice beast hits you.
* * * LOW HITPOINT WARNING * * *
The ice beast freezes you!!
You feel a terrible chill!
You die...
Fedhas appreciates your contribution to the ecosystem.

.#..............
.[............##.
................ .
................ ..
#............. ...
#......)...... ..=.
+<............
.....#...Y..##.......
........@.............
#........####........
#........+ .........
#+####...####..........
......................
......................
...............#.......
...............# ......
...............##......


You could see an ice beast.

Vanquished Creatures
  The ghost of Tobisume the Cudgeler, a novice DsBe of Trog (D:5)
  2 ogres
  2 centaurs
  2 crimson imps (D:5)
  A giant frog zombie (D:5)
  2 giant frog skeletons (D:4)
  A gnoll shaman (D:5)
  An orc priest (D:4)
  2 iguanas (D:5)
  Terence (D:3)
  4 worker ants
  5 orc wizards
  5 adders
  6 gnolls (D:5)
  An ooze (D:2)
  2 adder zombies (D:5)
  An adder skeleton (D:4)
  4 worms
  6 orcs
  6 bats
  6 goblins
  8 hobgoblins
  8 jackals
  6 kobolds
  A ball python (D:3)
  5 giant cockroaches
  2 giant newts (D:2)
  A quokka (D:5)
  9 rats
101 creatures vanquished.

Notes
Turn   | Place    | Note
--------------------------------------------------------------
     0 | D:1      | manyhoops the Merfolk Fighter began the quest for the Orb.
     0 | D:1      | Reached XP level 1. HP: 18/18 MP: 1/1
   180 | D:1      | Reached XP level 2. HP: 21/24 MP: 2/2
   600 | D:2      | Reached XP level 3. HP: 25/30 MP: 3/3
   667 | D:2      | Reached skill level 1 in Dodging
   885 | D:2      | Found a sacrificial altar of Ru.
   897 | D:2      | Reached skill level 4 in Fighting
   968 | D:2      | Reached skill level 1 in Stealth
  1348 | D:2      | Reached XP level 4. HP: 37/37 MP: 4/4
  1446 | D:2      | Noticed a centaur
  1467 | D:2      | Killed a centaur
  1467 | D:2      | Reached XP level 5. HP: 17/42 MP: 5/5
  1691 | D:3      | Noticed Terence
  1710 | D:3      | Killed Terence
  2055 | D:3      | Reached skill level 5 in Stealth
  2232 | D:3      | Noticed an ogre
  2386 | D:4      | Found Qunnudam's Assorted Antiques.
  2395 | D:4      | Got a faintly glowing golden amulet
  2397 | D:4      | Identified the amulet of Naor {Spirit +Fly MR+ Slay+2} (You found it on level 4 of the Dungeon)
  2533 | D:4      | Reached XP level 6. HP: 34/48 MP: 3/6
  2827 | D:4      | Noticed an ogre
  2841 | D:4      | Killed an ogre
  2841 | D:4      | Reached skill level 6 in Stealth
  2876 | D:4      | Found Fihoo's Jewellery Boutique.
  2884 | D:4      | Reached skill level 7 in Stealth
  2936 | D:4      | Reached XP level 7. HP: 37/54 MP: 5/7
  2959 | D:4      | Found an iron altar of Okawaru.
  3178 | D:4      | Found a deep blue altar of Sif Muna.
  3208 | D:4      | Identified Sif Muna's Volume of the Entourage
  3222 | D:5      | Entered Level 5 of the Dungeon
  3230 | D:5      | Found a staircase to the Ecumenical Temple.
  3243 | D:5      | Reached skill level 8 in Stealth
  3287 | Temple   | Entered the Ecumenical Temple
  3891 | Temple   | Became a worshipper of the Shining One
  4218 | D:5      | Noticed Tobisume's ghost (novice DsBe)
  4256 | D:5      | Killed Tobisume's ghost
  4256 | D:5      | Reached XP level 8. HP: 35/60 MP: 1/8
  4391 | D:5      | Was placed under penance by the Shining One
  4555 | D:5      | Fell from the grace of the Shining One
  4570 | D:5      | Got a brightly glowing hand axe {chop}
  4963 | Temple   | Became a worshipper of Fedhas Madash
  5151 | D:6      | Mangled by an ice beast

Action                   |  1- 3 |  4- 6 |  7- 9 || total
-------------------------+-------+-------+-------++-------
Melee: Trident           |   101 |   196 |   189 ||   486
Invok: Renounce Religion |       |       |     1 ||     1
Evoke: Wand              |       |       |     2 ||     2
  Use: Scroll            |       |     7 |     1 ||     8
       Potion            |       |       |     6 ||     6
 Stab: Sleeping          |       |    10 |     7 ||    17
  Eat: Chunk             |     1 |       |       ||     1
       Bread ration      |       |     1 |     1 ||     2
       Meat ration       |       |     1 |       ||     1
       Beef jerky        |       |       |     1 ||     1
